 Dungeon Crawl Stone Soup version 0.27.0-1-g7a089689b8 (webtiles) character file.

Game seed: 2074620771612758097

575 trckry the Grasshopper (level 7, -5/71 HPs)
             Began as an Ogre Warper on Aug 11, 2021.
             Was a Priest of Elyvilon.
             Succumbed to a scorpion's poison
             ... on level 5 of the Dungeon.
             The game lasted 00:13:10 (5836 turns).

trckry the Grasshopper (Ogre Warper)                Turns: 5836, Time: 00:13:11

Health: -5/71      AC:  3    Str: 17    XL:     7   Next: 35%
Magic:  12/12      EV: 10    Int: 15    God:    Elyvilon [***...]
Gold:   226        SH:  0    Dex: 14    Spells: 13/13 levels left

rFire    x . .     SeeInvis .   m - +0 quarterstaff
rCold    + . .     Faith    .   (shield currently unavailable)
rNeg     . . .     Spirit   .   b - +0 robe
rPois    .         Reflect  .   (helmet restricted)
rElec    .         Harm     .   (no cloak)
rCorr    .         Rampage  .   (gloves unavailable)
Will     .....                  (boots unavailable)
Stlth    +.........             (no amulet)
HPRegen  0.21/turn              w - ring of ice
MPRegen  0.13/turn              y - +6 ring of dexterity

@: lethally poisoned (-5 -> -32)
A: large, unfitting armour, tough skin 1
a: Renounce Religion, Lesser Healing, Heal Other, Purification, Divine
Protection


You were on level 5 of the Dungeon.
You worshipped Elyvilon.
Elyvilon was most pleased with you.
You visited 1 branch of the dungeon, and saw 5 of its levels.

You collected 226 gold pieces.

Inventory:

Hand Weapons
 a - a +0 mace
 m - a +0 quarterstaff (weapon)
Missiles
 d - 5 boomerangs of dispersal
 n - 5 javelins (quivered)
 q - 9 boomerangs
Armour
 b - a +0 robe (worn)
Jewellery
 o - a +6 ring of intelligence
 w - a ring of ice (left hand)
 y - a +6 ring of dexterity (right hand)
Scrolls
 c - 2 scrolls of blinking
 f - 6 scrolls of identify {unknown}
 g - a scroll of torment {unknown}
 j - a scroll of amnesia {unknown}
 l - 3 scrolls of silence {unknown}
 s - a scroll of magic mapping {unknown}
 t - a scroll of noise {unknown}
Potions
 e - 2 potions of heal wounds {unknown}
 h - 3 potions of magic {unknown}
 i - 5 potions of curing {unknown}
 k - a potion of flight {unknown}
 p - a potion of attraction {unknown}
 r - 2 potions of lignification {unknown}
 u - a potion of cancellation {unknown}
 v - a potion of haste {unknown}
 x - a potion of brilliance {unknown}


   Skills:
 + Level 4.4 Fighting
 * Level 3.8 Maces & Flails
 + Level 2.6 Throwing
 - Level 2.1 Dodging
 + Level 3.7 Spellcasting
 * Level 4.4 Translocations
 + Level 2.3 Invocations


You had 13 spell levels left.
You didn't know any spells.
Your spell library contained the following spells:

 Spells                   Type           Power      Damage    Failure   Level
 Blink                    Tloc           N/A        N/A       4%          2
 Gell's Gravitas          Tloc           8%         N/A       9%          3
 Lesser Beckoning         Tloc           8%         N/A       9%          3
 Teleport Other           Tloc           16%        N/A       9%          3
 Ozocubu's Armour         Ice            4%         N/A       50%         3
 Manifold Assault         Tloc           16%        N/A       63%         5
 Metabolic Englaciation   Hex/Ice        2%         N/A       99%         5
 Simulacrum               Ice/Necr       2%         N/A       100%        6


Dungeon Overview and Level Annotations

Branches:
Dungeon (5/15)
 Temple: D:4-7

Altars:
Elyvilon
Makhleb
The Shining One

Annotations:
D:5 Prince Ribbit


Innate Abilities, Weirdness & Mutations

You are too large for most types of armour.
You have tough skin. (AC +1)


Message History

The scorpion poisons you!
The scorpion stings you but does no damage.
You take 8 damage, and have 60/71 hp.
You closely miss the scorpion.
The scorpion is heavily wounded.
You feel very sick. The scorpion closely misses you.
You take 4 damage, and have 56/71 hp.
You hit the scorpion but do no damage.
The scorpion is heavily wounded.
You feel sick. The scorpion stings you.
You are more poisoned.
The scorpion poisons you!
You take 6 damage, and have 50/71 hp.
You hit the scorpion.
The scorpion is heavily wounded.
You feel very sick. The scorpion stings you! The scorpion stings you.
You are more poisoned.
The scorpion poisons you!
You take 18 damage, and have 32/71 hp.
MASSIVE DAMAGE!!
You closely miss the scorpion.
The scorpion is heavily wounded.
You feel extremely sick.
Prince Ribbit blinks!
The scorpion stings you.
* * * LOW HITPOINT WARNING * * *
You are more poisoned.
The scorpion poisons you!
You take 13 damage, and have 19/71 hp.
You barely miss the scorpion.
The scorpion is heavily wounded.
* * * LOW HITPOINT WARNING * * *
You feel extremely sick. The scorpion stings you!
* * * LOW HITPOINT WARNING * * *
The scorpion barely misses you.
You take 17 damage, and have 2/71 hp.
MASSIVE DAMAGE!!
You hit the scorpion but do no damage.
The scorpion is heavily wounded.
You die...

#...## #. ..... #.
#...#####.. .#
#####...#....... #.
##............... #####.
#.#.......................
#..:..............####...
#...[.s@.........##.....
#...................##.#
#.......................
##.######.##............
#.#...#8.8#.......##..#
..#.............#......
.......#8.8#............
........##.##..†.........
.:.......(..†.##......


You could see a scorpion.

Vanquished Creatures
  Eustachio (D:4)
  An ice beast (D:5)
  A scorpion (D:4)
  A hound (D:4)
  A gnoll shaman (D:4)
  2 bullfrog skeletons
  Jessica (D:3)
  3 gnolls (D:4)
  2 adders (D:2)
  An ufetubus (D:5)
  A worm (D:3)
  3 dart slugs
  6 orcs
  7 bats
  3 endoplasms
  4 giant cockroaches
  5 goblins
  3 hobgoblins
  5 jackals
  10 kobolds
  4 quokkas
  7 ball pythons
  A frilled lizard (D:3)
  6 rats
79 creatures vanquished.

Notes
Turn   | Place    | Note
-------+----------+-------------------------------------------
     0 | D:1      | trckry the Ogre Warper began the quest for the Orb.
     0 | D:1      | Reached XP level 1. HP: 22/22 MP: 3/3
   160 | D:1      | Found a faded altar of an unknown god.
   179 | D:1      | Became a worshipper of Elyvilon the Healer
   179 | D:1      | Reached * piety under Elyvilon
   350 | D:1      | Reached XP level 2. HP: 29/29 MP: 3/5
   763 | D:1      | Reached XP level 3. HP: 30/37 MP: 6/6
  1365 | D:2      | Reached ** piety under Elyvilon
  1730 | D:2      | Found a glowing golden altar of the Shining One.
  2123 | D:2      | Reached XP level 4. HP: 19/45 MP: 8/8
  2747 | D:3      | Found a burning altar of Makhleb.
  2826 | D:3      | Reached *** piety under Elyvilon
  3152 | D:3      | HP: 5/45 [orc (5)]
  3153 | D:3      | Elyvilon protects you from harm!
  3157 | D:3      | HP: 5/45 [orc (7)]
  3499 | D:3      | Noticed Jessica
  3504 | D:3      | Killed Jessica
  3505 | D:3      | Reached skill level 1 in Invocations
  3510 | D:3      | Reached XP level 5. HP: 37/53 MP: 9/9
  4115 | D:4      | Reached XP level 6. HP: 46/62 MP: 10/10
  4268 | D:4      | Noticed Eustachio
  4287 | D:4      | HP: 7/62 [shadow imp/nerve-wracking pain[Eustachio] (13)]
  4298 | D:5      | Entered Level 5 of the Dungeon
  4298 | D:5      | Noticed an ice beast
  4555 | D:4      | Killed Eustachio
  4930 | D:4      | HP: 8/62 [gnoll (7)]
  4933 | D:4      | Reached XP level 7. HP: 14/70 MP: 10/12
  5822 | D:5      | Noticed Prince Ribbit
  5835 | D:5      | HP: 9/71 [poisoned by a scorpion]
  5835 | D:5      | HP: 2/71 [scorpion (7)]
  5836 | D:5      | Succumbed to a scorpion's poison

Illustrated notes

Levels and vault maps discovered:
D:1:      dpeg_arrival_rooms_b, layout_loops_corners,
          ebering_ecumenical_altar_petrified, minmay_pentomino_q4
D:2:      layout_loops_cross, basic_altar, due_unseen_surprise
D:3:      layout_basic, lightli_temple_of_fire, minmay_misc_feat_chi,
          hex_intersection, uniq_jessica
D:4:      layout_loops_cross, uniq_eustachio
D:5:      layout_rooms, nicolae_dithmenos_through_a_glass_darkly,
          mainiacjoe_overflow_brackets, minmay_overflow_temple_star_quad,
          amethyst_killhole, chequers_serial_rivers_small_b,
          small_statue_intersection, st_stairs_14, uniq_prince_ribbit1

Skill      XL: |  1  2  3  4  5  6 |
---------------+-------------------+-----
Maces & Flails | 2 3 |  3.8
Translocations | 3 4 |  4.4
Fighting       | 3 4 |  4.4
Invocations    | 1 2 |  2.3
Spellcasting   | 3 |  3.7
Throwing       | 2 |  2.6
Dodging        | |  2.1

Action                   |  1- 3 |  4- 6 |  7- 9 || total
-------------------------+-------+-------+-------++-------
Melee: Mace              |   111 |       |       ||   111
       Quarterstaff      |    23 |   138 |    58 ||   219
Throw: Javelin           |     1 |    10 |       ||    11
       Boomerang         |       |     7 |     1 ||     8
Invok: Lesser Healing    |       |     5 |     1 ||     6
Armor: Robe              |    60 |    36 |    11 ||   107
Dodge: Dodged            |    79 |    78 |    49 ||   206
